 Dungeon Crawl Stone Soup version 0.30-a0-393-g54b8e3be05 (webtiles) character file.

Game seed: 4068931494401135827

167 sanka the Digger (level 5, 21/21 HPs)
             Began as a Felid Earth Elementalist on Dec 5, 2022.
             Quit the game on level 4 of the Dungeon.
             The game lasted 00:06:20 (4007 turns).

sanka the Digger (Felid Earth Elementalist)         Turns: 4007, Time: 00:06:21

Health: 21/21      AC:  2    Str:  4    XL:     5   Next: 23%
Magic:  9/9        EV: 17    Int: 18    God:
Gold:   201        SH:  0    Dex: 17    Spells: 2/8 levels left
                                        Lives:  0   Deaths: 1

rFire   . . .      SeeInvis +    (weapon unavailable)
rCold   . . .      Faith    .    (shield unavailable)
rNeg    . . .      Spirit   .    (body armour unavailable)
rPois   .          Reflect  .    (helmet unavailable)
rElec   .          Harm     .    (cloak unavailable)
rCorr   .          Rampage  .    (gloves unavailable)
Will    .....                    (boots unavailable)
Stlth   ++........               (no amulet)
HPRegen 0.23/turn                (no ring)
MPRegen 0.11/turn                (no ring)

@: quick
A: very small, claws 1, fangs 3, see invisible, speed 1, shaggy fur 2, stealthy
paws, no weapons or thrown items, no armour, multi-lived
a: no special abilities


You were on level 4 of the Dungeon.
You visited 1 branch of the dungeon, and saw 4 of its levels.

You collected 201 gold pieces.


Innate Abilities, Weirdness & Mutations

You have sharp claws.
You have razor-sharp teeth.
You have supernaturally acute eyesight. (SInv)
You cover ground quickly. (Speed+)
You are covered in thick fur. (AC +2)
Your paws help you pounce on unaware monsters.
You are incapable of wielding weapons or throwing items.
You cannot wear armour.
You gain extra lives every three experience levels.


   Skills:
 - Level 2.6 Dodging
 - Level 2.6 Stealth
 - Level 2.0 Spellcasting
 - Level 3.0 Conjurations
 - Level 3.0 Transmutations
 + Level 5.0 Earth Magic


You had 2 spell levels left.
You knew the following spells:

 Your Spells              Type           Power      Damage    Failure   Level
x - Stone Arrow           Conj/Erth      32%        3d9       11%         3
z - Sandblast             Erth           38%        2d10      2%          1
N - Passwall              Tmut/Erth      13%        N/A       5%          2

Your spell library contained the following spells:

 Spells                   Type           Power      Damage    Failure   Level
 Apportation              Tloc           2%         N/A       19%         1
 Necrotise                Necr           4%         1d4       19%         1
 Summon Small Mammal      Summ           4%         N/A       19%         1
 Petrify                  Tmut/Erth      16%        N/A       34%         4

Inventory:

Scrolls
 c - a scroll of immolation {unknown}
 d - 3 scrolls of identify {unknown}
 f - a scroll of torment {unknown}
 g - a scroll of amnesia {unknown}
 h - a scroll of fear {unknown}
 k - 3 scrolls of enchant armour {unknown}
 m - a scroll of brand weapon {unknown}
 n - 2 scrolls of vulnerability {unknown}
 p - a scroll of fog {unknown}
 q - a scroll of summoning {unknown}
 r - 2 scrolls of teleportation {unknown}
 u - a scroll of blinking {unknown}
Potions
 a - 2 potions of magic
 b - 2 potions of curing {unknown}
 e - a potion of brilliance {unknown}
 i - a potion of attraction {unknown}
 j - a potion of berserk rage {unknown}
 l - a potion of flight {unknown}
 o - 3 potions of degeneration {unknown}
 s - 3 potions of invisibility {unknown}
 t - a potion of heal wounds {unknown}

Dungeon Overview and Level Annotations

Branches:
Dungeon (4/15)
 Temple: D:4-7

Altars:
Fedhas
Okawaru
Qazlal
Ru

)▒ ▒.........▒ .▒
▒.......o.▒ ▒▒▒▒
▒▒.▒▒...▒▒▒▒▒▒▒▒▒▒▒▒▒
▒▒.▒▒▒▒▒.▒▒...▒▒▒..▒......▒
...▒.....▒....(....▒.....£▒
...▒.....▒.........▒......▒
...▒.....▒.........▒......▒
...▒.....▒.........▒......▒
...▒.....▒......h..'......▒
...▒~~.~~▒.........▒......▒
.▒.~≈~≈≈~~.▒▒▒▒▒.▒▒▒▒o....▒
.~≈≈≈▒~~▒≈~≈▒..▒▒▒▒▒ .....▒
~▒≈▒≈~~≈≈≈≈▒~....... ....▒
~≈≈≈≈~≈≈≈≈≈≈†....... .o..▒
≈≈≈≈▒~≈≈≈≈▒≈≈~...... ...▒
≈≈~≈≈~~~≈≈~≈≈≈≈... ...▒
≈..~≈...~~.≈≈≈~.▒▒


There were no monsters in sight!


Message History

d - 3 scrolls labelled ICLEUPHITA (gained 1)
t - an orange potion You now have 191 gold pieces (gained 13).
u - a scroll labelled YMOIDE PEMY You enter the shallow water.
s - 3 bubbling dark potions (gained 1)
You now have 195 gold pieces (gained 4).
You now have 201 gold pieces (gained 6).
An orc priest is nearby!
Found a +0 club.
The orc priest shouts!
The orc priest shoots a sling bullet.
The sling bullet completely misses you.
The orc priest shoots a sling bullet.
The sling bullet barely misses you.
You can't see any susceptible monsters within range! (Use Z to cast anyway.)
The blast of sand hits the orc priest!
The orc priest is severely wounded.
The orc priest calls down the wrath of Beogh upon you.
Beogh smites you!
The blast of sand hits the orc priest.
The orc priest is severely wounded.
The orc priest invokes the aid of Beogh against you.
Beogh smites you!
Ouch! That really hurt!
You die...
You are now level 5!
You rejoin the land of the living...
Unknown command.
Are you sure you want to abandon this character and quit the game? (Confirm with "yes".)

Action                   |  1- 3 |  4- 6 || total
-------------------------+-------+-------++-------
Melee: Unarmed           |    17 |     7 ||    24
       Bite              |     1 |     1 ||     2
 Cast: Sandblast         |    62 |    91 ||   153
 Stab: Sleeping          |     1 |       ||     1
Armor: Skin              |     1 |     2 ||     3
Dodge: Dodged            |    31 |    42 ||    73

Levels and vault maps discovered:
D:1:      spicycebolla_arrival_transporter_tutorial, layout_basic
D:2:      layout_basic, kennysheep_generic_room_6
D:3:      layout_basic, hangedman_ru_absence, mainiacjoe_overflow_boulevard,
          general_overflow_altar, mainiacjoe_overflow_brackets,
          minmay_crystal_room, uniq_robin, uniq_terence
D:4:      kennysheep_slugbush, layout_gridville, overflow_temple_1_default,
          nicolae_dithmenos_the_darkroom, minmay_temple_entry_sparse_star,
          uniq_crazy_yiuf_cottage

Notes
Turn   | Place    | Note
-------+----------+-------------------------------------------
     0 | D:1      | sanka the Felid Earth Elementalist began the quest for the
                  | Orb.
     0 | D:1      | Reached XP level 1. HP: 7/7 MP: 4/4
   152 | D:1      | Reached skill level 3 in Earth Magic
   188 | D:1      | Reached XP level 2. HP: 11/11 MP: 4/6
   276 | D:1      | Reached skill level 2 in Transmutations
   330 | D:1      | Learned a level 2 spell: Passwall
  1035 | D:2      | Identified the +5 scale mail "Dumu" {Contam Rampage rElec
                  | Str+2}
  1041 | D:2      | Reached XP level 3. HP: 9/14 MP: 3/7
  1176 | D:2      | Learned a level 3 spell: Stone Arrow
  1806 | D:2      | Reached XP level 4. HP: 18/18 MP: 3/8
  2156 | D:3      | Found a blossoming altar of Fedhas.
  2184 | D:3      | Reached skill level 3 in Transmutations
  2197 | D:3      | Found a stormy altar of Qazlal.
  2197 | D:3      | Noticed Terence
  2226 | D:3      | Reached skill level 1 in Conjurations
  2297 | D:3      | Killed Terence
  2423 | D:3      | Found a sacrificial altar of Ru.
  2631 | D:3      | Found an iron altar of Okawaru.
  2911 | D:3      | Reached skill level 4 in Earth Magic
  2937 | D:3      | Reached skill level 2 in Conjurations
  2937 | D:3      | Reached XP level 5. HP: 20/21 MP: 4/9
  3043 | D:3      | Noticed Robin
  3078 | D:2      | Killed Robin
  3931 | D:4      | Reached skill level 3 in Conjurations
  3931 | D:4      | Gained mutation: You are covered in thick fur. (AC +2)
                  | [Felid growth]
  3931 | D:4      | Reached XP level 6. HP: 24/24 MP: 7/10
  3944 | D:4      | Reached skill level 5 in Earth Magic
  4006 | D:4      | Killed from afar by an orc priest
  4007 | D:4      | Reached XP level 5. HP: -1/21 MP: 8/9
  4007 | D:4      | Quit the game

Vanquished Creatures
  A scorpion (D:4)
  An orc priest (D:3)
  An iguana (D:4)
  Terence (D:3)
  Robin (D:2)
  6 adders
  10 dart slugs (D:4)
  2 worms (D:2)
  6 orcs (D:3)
  8 ball pythons
  10 endoplasms
  4 giant cockroaches
  16 goblins
  4 hobgoblins (D:2)
  2 jackals (D:1)
  2 quokkas (D:1)
  10 bats
  3 frilled lizards
  4 kobolds
  2 rats
94 creatures vanquished.
